 Dungeon Crawl Stone Soup version 0.30-a0-626-gd6a5dd7a1f (webtiles) character file.

Game seed: 5556667032095746735

1639637 iguanaiguana the Champion of Chaos (level 26, 258/258 HPs)
             Began as a Minotaur Hunter on Jan 11, 2023.
             Was the Champion of Makhleb.
             Escaped with the Orb
             ... and 3 runes on Jan 12, 2023!
             The game lasted 04:01:43 (72136 turns).

iguanaiguana the Champion of Chaos (MiHu)          Turns: 72136, Time: 04:01:44

Health: 258/258    AC: 32    Str: 24    XL:     26   Next: 45%
Magic:  34/34      EV: 20    Int:  8    God:    Makhleb [******]
Gold:   3286       SH: 37    Dex: 18    Spells: 25/25 levels left

rFire   + + +      SeeInvis .    a - +11 Singing Sword {sonic wave}
rCold   + . .      Faith    .    P - +7 tower shield
rNeg    + + .      Spirit   .    D - +11 scale mail of Instinct {Will+}
rPois   +          Reflect  +    U - +2 hat
rElec   +          Harm     .    E - +0 cloak "Qauzac" {rN+ Int+4}
rCorr   .          Rampage  .    i - +3 pair of gauntlets of War {Slay+5}
Will    ++++.                    O - +1 pair of boots "Obaek" {Will+}
Stlth   +                        S - amulet of reflection
HPRegen 0.63/turn                Y - ring of Qusun {rN+ Slay+3}
MPRegen 0.24/turn                j - ring of Memares {Contam rElec rPois rF+++ Will+}

@: studying Throwing
A: horns 2, retaliatory headbutt, claws 1, cold resistance 1, dopey 1, low MP 1
0: Orb of Zot
}: 3/15 runes: decaying, slimy, gossamer
a: Renounce Religion, Minor Destruction, Lesser Servant of Makhleb, Major
Destruction, Greater Servant of Makhleb


You escaped.
You worshipped Makhleb.
Makhleb was exalted by your worship.
You visited 11 branches of the dungeon, and saw 54 of its levels.
You visited 1 bazaar.
You also visited: Volcano and Wizlab.

You collected 8250 gold pieces.
You spent 4964 gold pieces at shops.

Inventory:

Hand Weapons
 a - the +11 Singing Sword (weapon) {sonic wave}
   (You took it off a vampire knight on level 3 of the Crypt)

   It radiates damaging sonic waves as it strikes, especially in combat
   involving dangerous or numerous foes.
 b - a +7 demon trident of electrocution
Missiles
 l - 24 curare-tipped darts
 u - 18 javelins
 K - 6 throwing nets
 X - 2 silver boomerangs (quivered)
Armour
 i - the +3 pair of gauntlets of War (worn) {Slay+5}
   (You acquired it on level 8 of the Dungeon)

   Slay:      It affects your accuracy & damage with ranged weapons and melee
   (+5).
 D - the +11 scale mail of Instinct (worn) {Will+}
   (You found it on level 5 of the Pits of Slime)

   Will:      It increases your willpower.
 E - the +0 cloak "Qauzac" (worn) {rN+ Int+4}
   (You acquired it on level 3 of the Realm of Zot)

   Int:       It affects your intelligence (+4).
   rN:        It protects you from negative energy.
 O - the +1 pair of boots "Obaek" (worn) {Will+}
   (You acquired it on level 4 of the Spider Nest)

   Will:      It increases your willpower.
 P - a +7 tower shield (worn)
 U - a +2 hat (worn)
Jewellery
 j - the ring of Memares (right hand) {Contam rElec rPois rF+++ Will+}
   (You acquired it on level 3 of the Elven Halls)

   [ring of willpower]

   rF:        It renders you almost immune to fire.
   rElec:     It insulates you from electricity.
   rPois:     It protects you from poison.
   Contam:    It causes magical contamination when unequipped.
   Will:      It increases your willpower.
 t - the ring of Ipengi {rC+ Will+}
   (You took it off a deep elf blademaster on level 3 of the Elven Halls)

   [ring of willpower]

   rC:        It protects you from cold.
   Will:      It increases your willpower.
 v - a ring of resist corrosion
 L - a ring of see invisible
 Q - the ring of Nawatog {rElec EV+5 Slay+3}
   (You found it on level 5 of the Pits of Slime)

   [ring of evasion]

   EV:        It affects your evasion (+5).
   Slay:      It affects your accuracy & damage with ranged weapons and melee
   (+3).
   rElec:     It insulates you from electricity.
 S - an amulet of reflection (around neck)
 Y - the ring of Qusun (left hand) {rN+ Slay+3}
   (You bought it in a shop on level 1 of the Orcish Mines)

   [ring of positive energy]

   Slay:      It affects your accuracy & damage with ranged weapons and melee
   (+3).
   rN:        It protects you from negative energy.
Wands
 w - a wand of paralysis (29)
 H - a wand of roots (15)
 Z - a wand of light (25)
Scrolls
 e - 7 scrolls of immolation
 g - 14 scrolls of poison
 n - 11 scrolls of fog
 p - 3 scrolls of torment
 x - 10 scrolls of fear
 y - 19 scrolls of teleportation {@r3}
 M - 8 scrolls of silence
 T - 8 scrolls of vulnerability
Potions
 d - 17 potions of curing {@q1}
 f - 21 potions of mutation
 h - 9 potions of lignification
 k - 3 potions of haste {@q4}
 o - 4 potions of might {@q3}
 q - 4 potions of attraction
 s - 4 potions of cancellation
 z - 3 potions of resistance {@q5}
 C - 9 potions of flight
 G - 5 potions of heal wounds {@q2}
 I - 3 potions of berserk rage
 V - 4 potions of invisibility
 W - 8 potions of ambrosia
Miscellaneous
 m - a lightning rod (4/4)
 r - a phial of floods
 A - a phantom mirror
 F - a tin of tremorstones (2/2)
 J - a condenser vane
 N - a box of beasts


   Skills:
 - Level 25.0 Fighting
 - Level 16.0 Long Blades
 - Level 14.0 Polearms
 - Level 4.3 Ranged Weapons
 - Level 16.0 Throwing
 + Level 16.6 Armour
 + Level 16.3 Dodging
 - Level 3.0 Stealth
 - Level 24.4 Shields
 - Level 25.1 Invocations
 - Level 12.0 Evocations


You had 25 spell levels left.
You didn't know any spells.
Your spell library contained the following spells:

 Spells                   Type           Power      Damage    Failure   Level
 Apportation              Tloc           0%         N/A       71%         1
 Beastly Appendage        Tmut           0%         N/A       71%         1
 Freeze                   Ice            0%         1d3       71%         1
 Kiss of Death            Conj/Necr      0%         2d5       71%         1
 Sandblast                Erth           0%         2d4       71%         1
 Summon Small Mammal      Summ           0%         N/A       71%         1
 Blink                    Tloc           0%         N/A       83%         2
 Cigotuvi's Dreadful Rot  Necr/Pois/Air  0%         N/A       83%         2
 Ensorcelled Hibernation  Hex/Ice        0%         N/A       83%         2
 Passwall                 Tmut/Erth      0%         N/A       83%         2
 Poisonous Vapours        Pois/Air       0%         N/A       83%         2
 Sublimation of Blood     Necr           0%         N/A       83%         2
 Wereblood                Tmut           0%         N/A       83%         2
 Call Canine Familiar     Summ           0%         N/A       97%         3
 Confusing Touch          Hex            0%         N/A       97%         3
 Dazzling Flash           Conj/Hex       0%         N/A       97%         3
 Frozen Ramparts          Ice            0%         1d1       97%         3
 Gell's Gravitas          Tloc           0%         N/A       97%         3
 Hailstorm                Conj/Ice       0%         3d3       97%         3
 Ignite Poison            Fire/Tmut/Pois 0%         N/A       97%         3
 Lesser Beckoning         Tloc           0%         N/A       97%         3
 Mephitic Cloud           Conj/Pois/Air  0%         N/A       97%         3
 Ozocubu's Armour         Ice            0%         N/A       97%         3
 Portal Projectile        Hex/Tloc       0%         N/A       97%         3
 Spider Form              Tmut/Pois      0%         N/A       97%         3
 Stone Arrow              Conj/Erth      0%         3d7       97%         3
 Summon Guardian Golem    Hex/Summ       0%         N/A       97%         3
 Swiftness                Air            0%         N/A       97%         3
 Teleport Other           Tloc           0%         N/A       97%         3
 Vampiric Draining        Necr           0%         2d6       97%         3
 Vhi's Electric Charge    Tloc/Air       0%         N/A       97%         3
 Airstrike                Air            0%         2d(0-16)  100%        4
 Animate Armour           Summ/Erth      0%         N/A       100%        4
 Animate Dead             Necr           0%         N/A       100%        4
 Cause Fear               Hex            0%         N/A       100%        4
 Dispel Undead            Necr           0%         3d6       100%        4
 Ice Form                 Ice/Tmut       0%         N/A       100%        4
 Iskenderun's Mystic Bla  Conj/Tloc      0%         2d3       100%        4
 Leda's Liquefaction      Hex/Erth       0%         N/A       100%        4
 Manifold Assault         Tloc           0%         N/A       100%        4
 Petrify                  Tmut/Erth      0%         N/A       100%        4
 Sticky Flame             Conj/Fire      0%         2d3       100%        4
 Summon Ice Beast         Ice/Summ       0%         N/A       100%        4
 Summon Lightning Spire   Summ/Air       0%         N/A       100%        4
 Alistair's Intoxication  Tmut/Pois      0%         N/A       100%        5
 Arcjolt                  Conj/Air       0%         1d10      100%        5
 Borgnjor's Vile Clutch   Necr/Erth      0%         N/A       100%        5
 Irradiate                Conj/Tmut      0%         3d11      100%        5
 Lee's Rapid Deconstruct  Erth           0%         3d4*      100%        5
 Lightning Bolt           Conj/Air       0%         1d11      100%        5
 Metabolic Englaciation   Hex/Ice        0%         N/A       100%        5
 Silence                  Hex/Air        0%         N/A       100%        5
 Summon Forest            Summ/Tloc      0%         N/A       100%        5
 Summon Mana Viper        Hex/Summ       0%         N/A       100%        5
 Yara's Violent Unravell  Hex/Tmut       0%         3d3       100%        5
 Death Channel            Necr           0%         N/A       100%        6
 Eringya's Noxious Bog    Tmut/Pois      0%         N/A       100%        6
 Simulacrum               Ice/Necr       0%         N/A       100%        6
 Starburst                Conj/Fire      0%         6d3       100%        6
 Statue Form              Tmut/Erth      0%         N/A       100%        6
 Dragon Form              Tmut           0%         N/A       100%        7
 Malign Gateway           Summ/Tloc      0%         N/A       100%        7
 Monstrous Menagerie      Summ           0%         N/A       100%        7
 Ozocubu's Refrigeration  Ice            0%         4d7       100%        7
 Storm Form               Tmut/Air       0%         N/A       100%        7
 Summon Hydra             Summ           0%         N/A       100%        7
 Borgnjor's Revivificati  Necr           0%         N/A       100%        8
 Ignition                 Fire           0%         3d3       100%        8
 Infestation              Necr           0%         N/A       100%        8
 Lehudib's Crystal Spear  Conj/Erth      0%         10d2      100%        8
 Maxwell's Capacitive Co  Air            0%         ∞         100%        8
 Necromutation            Tmut/Necr      0%         N/A       100%        8
 Summon Horrible Things   Summ           0%         N/A       100%        8
 Death's Door             Necr           0%         N/A       100%        9
 Dragon's Call            Summ           0%         N/A       100%        9
 Shatter                  Erth           0%         3d5*      100%        9


Dungeon Overview and Level Annotations

Branches:
Dungeon (15/15)            Temple (0/1) D:7            Lair (5/5) D:10
  Swamp (4/4) Lair:3       Spider (4/4) Lair:2        Slime (5/5) Lair:4
    Orc (2/2) D:9             Elf (3/3) Orc:2        Vaults (4/5) D:14
  Crypt (3/3) Vaults:3       Tomb (0/3) Crypt:3      Depths (4/4) D:15
    Zot (5/5) Depths:4    Volcano (visited)          WizLab (visited)

Altars:
Cheibriados
Elyvilon
Fedhas
Gozag
Hepliaklqana
Kikubaaqudgha
Makhleb
Okawaru
Ru
Vehumet
Xom
Yredelemnul
Jiyva

Shops:
D:3 ?   D:6 (*!(!   D:11 ?   Orc:1 =   Orc:2 ([(!   Elf:2 [[[!   Elf:3 ?
Vaults:3 (   Vaults:4 [(([   Depths:2 =:=   Depths:4 **[?*(

Portals:
Hell: Depths:1 Depths:2 Depths:3 Depths:4
Abyss: Depths:1 Depths:3 Depths:4
Pandemonium: Depths:1 Depths:2
Ziggurat: Depths:1
Trove: Depths:3 (give +6 demon whip)

Annotations:
D:6 1 runed translucent door, exclusion: door
Lair:4 3 runed translucent doors, Daelid's ghost, journeyman MfGl
Crypt:2 exclusion: downstairs
Crypt:3 1 exclusion
Depths:1 exclusions: floating eye, great orb of eyes and 1 more exclusion
Zot:3 1 runed translucent door, Zoaron's ghost, legendary MiBe


Innate Abilities, Weirdness & Mutations

You have a pair of horns on your head.
You reflexively headbutt those who attack you in melee.
You have sharp fingernails.
Your flesh is cold resistant. (rC+)
You are dopey. (Int -2)
Your magical capacity is low. (-10% MP)


Message History

(V) Vaults (C) Crypt (W) Tomb (U) Depths (H) Hell (Z) Zot
Where to? (Enter - D:1, ? - help)
What level of the Dungeon? (default 1, ? - help)
A rust devil comes into view.
You open the rust devil like a pillowcase!!!
You kill the rust devil!
(D) Dungeon (T) Temple (L) Lair (S) Swamp (N) Spider Nest (M) Slime Pits (O) Orcish Mines (E) Elven Halls (V) Vaults (C) Crypt (W) Tomb (U) Depths (H) Hell (Z) Zot
Where to? (Enter - D:1, ? - help)
What level of the Dungeon? (default 1, ? - help) a +0 leather armour; a +0 mace
There is a stone staircase leading up, spattered with blood here.
You climb upwards.
There is a stone staircase leading down here.
You see here a +0 club. a +0 leather armour; a +0 club
There is a stone staircase leading up here.
You climb upwards.
There is a stone staircase leading down here.
There is a stone staircase leading up here.
You climb upwards.
There is a stone staircase leading down here.
There is a stone staircase leading down here.
A hellwing and a smoke demon come into view.
The smoke demon roars!
The hellwing moves out of view.
Ymmyucuo comes into view.
A large abomination comes into view.
Blink to where?
Press: ? - help, Dir - move target
As you read the scroll of blinking {@r4}, it crumbles to dust.
As you read the scroll of fog, it crumbles to dust.
The scroll dissolves into smoke.
Blink to where?
Press: ? - help, Dir - move target
As you read the scroll of blinking {@r4}, it crumbles to dust.
You have escaped!

### ##@## #...###
##.....##
#.......###
#.........##
##..........###
#......8......####
#.....##.........#
#.....##.....###.#


There were no monsters in sight!

Vanquished Creatures
  the Royal Jelly (Slime:5)
  2 dread liches (Zot:5)
  9 orbs of fire
  An ancient lich (Zot:5)
  2 juggernauts
  Sojobo (Crypt:3)
  Boris (twice) (Vaults:3 Depths:4)
  Frederick (Depths:4)
  3 Killer Klowns
  4 curse toes
  2 caustic shrikes (Depths:4)
  Xtahua (Depths:4)
  7 golden dragons
  the Enchantress (Depths:1)
  A bone dragon (Crypt:3)
  A Brimstone Fiend (D:9)
  3 electric golems
  A hellephant (Depths:3)
  16 tentacled monstrosities
  Zenata (Vaults:1)
  4 liches
  A moon troll (WizLab)
  Jorgrun (Spider:2)
  26 Orb Guardians
  Asterion (Depths:1)
  8 quicksilver dragons
  A walking earthen tome (Depths:2)
  A deep elf master archer (Elf:3)
  A deep elf blademaster (Elf:3)
  12 death cobs
  8 tentacled starspawn (WizLab)
  18 acid blobs
  2 walking divine tomes
  6 ancient champions (Crypt:3)
  13 storm dragons
  4 sphinxes
  The ghost of Viocziel the Brawler, an adept TrMo of Nemelex Xobeh (Depths:4)
  4 tengu reavers
  7 shadow dragons
  Donald (Elf:2)
  9 azure jellies
  5 draconian monks
  6 fire giants
  An iron dragon (Depths:3)
  3 revenants
  A draconian knight (Zot:3)
  7 draconian scorchers
  7 rockslimes
  6 vault wardens
  5 draconian shifters
  5 frost giants
  2 cacodemons
  6 ghost moths
  4 emperor scorpions
  A caustic shrike zombie (Crypt:3)
  3 deep elf elementalists (Elf:3)
  2 deep elf sorcerers
  2 curse skulls
  10 ironbound preservers
  Louise (Spider:4)
  An orc warlord (Orc:1)
  7 ghouls
  7 draconian annihilators
  18 stone giants
  8 quicksilver oozes
  6 spriggan defenders
  5 draconian stormcallers
  5 war gargoyles
  4 ironbound thunderhulks
  A broodmother (Spider:2)
  38 very ugly things
  7 dire elephants (Vaults:1)
  8 green draconians
  7 deep elf demonologists
  6 black draconians
  2 eleionomae
  4 deep elf annihilators (Elf:3)
  5 bunyips
  13 vampire knights
  10 white draconians
  10 yellow draconians
  9 red draconians
  14 purple draconians
  Snorg (D:14)
  5 eidola
  6 spark wasps
  4 deep elf death magi
  5 fire dragons
  An acid blob zombie (Crypt:3)
  A quicksilver dragon zombie (Crypt:3)
  6 ettins
  A deep elf high priest (Elf:1)
  3 jiangshi
  10 entropy weavers
  2 crystal guardians (Vaults:4)
  Fannar (Orc:1)
  8 yaktaur captains
  A hell beast (Elf:2)
  19 great orbs of eyes
  Harold (Lair:1)
  Erolcha (D:10)
  7 ghost crabs
  A quicksilver dragon skeleton (Crypt:1)
  12 vault guards
  14 hydras
  4 rakshasas
  A jorogumo (Spider:4)
  5 peacekeepers
  2 death knights
  7 centaur warriors
  16 ice dragons
  3 alligators
  7 radroaches
  8 boulder beetles
  A fenstrider witch skeleton (Crypt:2)
  7 spriggan air magi
  A death scarab (Spider:3)
  10 ironbound frosthearts
  8 deep troll shamans
  4 two-headed ogres
  9 vampire magi
  A death yak (Lair:3)
  3 spriggan skeletons (Crypt:3)
  6 tengu warriors
  5 deep troll earth magi
  3 hell hogs (Depths:3)
  20 dancing weapons
  5 spriggan berserkers
  An orc high priest (Orc:2)
  A wretched star (WizLab)
  8 hell knights
  An emperor scorpion zombie (Crypt:2)
  4 soul eaters
  A titan skeleton (Crypt:3)
  4 sun demons
  10 pharaoh ants
  A shadow wraith (Crypt:2)
  12 deep elf knights
  29 skeletal warriors
  A bunyip zombie (Crypt:3)
  35 deep trolls
  A fire crab (Lair:5)
  4 sun moths
  7 iron trolls
  4 spriggan druids
  5 goliath frogs
  7 orb spiders
  10 bog bodies
  2 orange crystal statues
  10 glowing orange brains
  3 spectral hydras
  A spriggan simulacrum (Crypt:1)
  11 ironbound convokers
  A swamp dragon (Zot:4)
  3 orc knights
  2 flayed ghosts
  An obsidian statue (Depths:4)
  10 phantasmal warriors
  A shadow dragon zombie (Crypt:1)
  8 deep elf archers
  An anaconda skeleton (Crypt:1)
  13 steelbarb worms
  A sphinx zombie (Crypt:1)
  2 wizards
  11 lindwurms
  2 statues (D:12)
  A stone giant zombie (Vaults:4)
  13 necromancers
  19 wolf spiders
  A jorogumo zombie (Crypt:3)
  The ghost of flotson the Sneak, a novice DsDe (D:6)
  24 deep elf zephyrmancers
  An oklob plant (Swamp:4)
  2 shining eyes (Slime:2)
  41 ugly things
  5 harpies
  4 will-o-the-wisps
  5 orc sorcerers
  26 deep elf pyromancers
  A sphinx skeleton (Vaults:4)
  3 cyclopes
  4 human zombies
  A salamander (Depths:3)
  27 moths of wrath
  A tengu skeleton (Vaults:3)
  6 manticores
  An iron dragon skeleton (Crypt:3)
  A rust devil (D:4)
  A stone giant skeleton (Vaults:1)
  Maurice (Orc:1)
  8 black mambas
  A guardian serpent (shapeshifter) (D:10)
  4 molten gargoyles
  A naga zombie (Crypt:3)
  A salamander (shapeshifter) (D:14)
  A shock serpent zombie (Crypt:3)
  8 elephants
  A smoke demon (Depths:3)
  13 vault sentinels
  3 eyes of devastation (WizLab)
  A gargoyle (D:11)
  A fire giant skeleton (Crypt:2)
  5 torpor snails
  9 demonic crawlers
  2 hellions
  A pale draconian zombie (Crypt:1)
  3 dire elephant skeletons (Crypt:3)
  A white draconian zombie (Crypt:3)
  An orange demon (Depths:3)
  2 kobold demonologists (D:10)
  4 swamp worm zombies (Swamp:4)
  A rime drake (Lair:4)
  A red draconian zombie (Crypt:2)
  A yaktaur zombie (Vaults:3)
  12 cane toads
  A yaktaur (shapeshifter) (Elf:1)
  An unseen horror (D:6)
  An alligator snapping turtle skeleton (Crypt:1)
  15 yaktaurs
  An efreet (D:15)
  5 freezing wraiths
  13 komodo dragons
  A bunyip simulacrum (Crypt:3)
  8 guardian mummies
  7 trolls
  A bloated husk (Swamp:1)
  A harpy zombie (Crypt:1)
  2 hydra zombies (Swamp:4)
  5 tyrant leeches
  3 tengu conjurers
  29 tarantellas
  A troll (shapeshifter) (D:14)
  3 polar bears
  4 meliai
  11 hornets
  A spectral lindwurm (Lair:3)
  A tarantella (shapeshifter) (Elf:1)
  A dream sheep (shapeshifter) (D:13)
  A satyr zombie (Crypt:3)
  A hydra skeleton (Crypt:1)
  11 blink frogs (Lair:5)
  A tengu simulacrum (Vaults:4)
  A fire giant simulacrum (Vaults:3)
  3 alligator zombies (Swamp:4)
  73 slime creatures
  An ettin zombie (Vaults:1)
  3 spectral swamp dragons (Swamp:4)
  A radroach zombie (Crypt:1)
  2 air elementals
  26 jumping spiders
  4 flying skulls (Crypt:3)
  24 culicivoras
  A shadow (D:9)
  A spectral black mamba (Lair:3)
  7 vampires
  16 spriggans
  A centaur simulacrum (Crypt:3)
  An ettin skeleton (Crypt:3)
  2 water elementals (Elf:1)
  8 wraiths
  A naga simulacrum (Crypt:3)
  12 wyverns
  2 basilisks
  2 fire bats (Volcano)
  37 yaks
  24 golden eyes
  A neqoxec (Zot:5)
  3 steam dragons
  Grum (Lair:1)
  5 fire elementals
  47 redbacks
  2 redbacks (shapeshifter)
  13 vampire mosquitoes
  2 elf skeletons
  14 swamp worms
  5 wargs
  10 water moccasins
  A glowing shapeshifter skeleton (Vaults:1)
  A naga skeleton (Crypt:1)
  5 hell hounds
  2 floating eyes (Depths:3)
  A spectral torpor snail (Lair:3)
  A merfolk skeleton (Crypt:2)
  2 sky beasts
  2 black bears (D:4)
  31 orc warriors
  5 swamp dragon zombies (Swamp:4)
  4 ice beasts
  13 wolves
  3 ogres
  The ghost of Iich the Trooper, an amateur DsFi (D:3)
  15 centaurs
  6 starcursed masses (WizLab)
  10 phantoms
  A hog skeleton (Crypt:2)
  4 kobold brigands
  10 bullfrogs
  A salamander zombie (Crypt:1)
  3 necrophages
  3 gnoll sergeants
  4 earth elementals
  3 human skeletons
  3 scorpions
  14 wights
  A spriggan zombie (Crypt:3)
  5 killer bees (D:11)
  A raiju skeleton (Crypt:1)
  5 howler monkeys
  An electric eel (Lair:2)
  12 lava snakes
  6 jellies
  4 hounds
  25 orc priests
  2 gnoll boudas
  2 centaur skeletons
  2 iguanas
  A spectral swamp drake (Swamp:4)
  25 orc wizards
  6 hell rats
  5 mummies
  3 adders
  28 gnolls
  2 swamp drake zombies (Swamp:4)
  A river rat (D:6)
  A white imp (D:7)
  3 worms
  6 dart slugs
  88 orcs
  5 ball pythons
  4 bats
  A bat zombie (Crypt:3)
  7 endoplasms
  2 giant cockroaches (D:6)
  2 hobgoblins
  5 quokkas
  2 frilled lizards (D:1)
  6 goblins
  A kobold (shapeshifter) (Depths:3)
  20 kobolds
  7 rats
  2 bushes (D:12)
  6 starspawn tentacles (WizLab)
2152 creatures vanquished.

Vanquished Creatures (collateral kills)
  Saint Roka (Crypt:2)
  Bai Suzhen (Swamp:3)
  A caustic shrike (Depths:4)
  The ghost of Hyrrirob the Devastator, a veteran GrEE of Lugonu (Crypt:2)
  A deep elf master archer (Elf:3)
  An acid blob (Slime:4)
  A deep elf blademaster (Elf:3)
  A sphinx (Vaults:3)
  An azure jelly (Slime:3)
  A ghost moth (Spider:2)
  A curse skull (Crypt:2)
  An emperor scorpion (Spider:4)
  A ghoul (Crypt:2)
  A deep elf elementalist (Elf:3)
  A broodmother (Spider:1)
  2 ironbound preservers
  A very ugly thing (Vaults:3)
  An ironbound thunderhulk (Vaults:3)
  3 deep elf demonologists (Elf:3)
  A bunyip (Swamp:1)
  3 deep elf annihilators (Elf:3)
  A deep elf death mage (Elf:3)
  2 jiangshi (Crypt:2)
  A great orb of eyes (Vaults:3)
  An ironbound frostheart (Vaults:3)
  A radroach (Spider:4)
  A centaur warrior (Vaults:3)
  A vampire mage (Crypt:2)
  A death knight (Vaults:3)
  2 dancing weapons (Elf:2)
  5 deep elf knights
  An iron troll (Depths:4)
  A deep troll (Vaults:3)
  2 orb spiders (Spider:2)
  A pharaoh ant (Spider:2)
  2 spriggan druids
  4 ironbound convokers
  4 deep elf pyromancers
  A wolf spider zombie (Crypt:2)
  A necromancer (Vaults:3)
  A deep elf archer (Elf:3)
  2 deep elf zephyrmancers (Elf:3)
  2 orc sorcerers (Crypt:2)
  3 wolf spiders
  4 shining eyes
  2 vault sentinels (Vaults:3)
  2 torpor snails
  A yaktaur (Vaults:3)
  A tyrant leech (Swamp:1)
  4 tarantellas
  2 jumping spiders (Spider:2)
  5 slime creatures
  4 culicivoras
  A spriggan (Swamp:1)
  3 vampire mosquitoes (Swamp:1)
  2 golden eyes (Slime:3)
  13 redbacks
  A neqoxec (WizLab)
  3 wargs (Crypt:2)
  A fire bat skeleton (Crypt:2)
  A swamp drake (Swamp:1)
  4 orc warriors (Crypt:2)
  2 necrophages (Crypt:2)
  A wight (Vaults:3)
  An orc priest (Crypt:2)
  An orc wizard (Crypt:2)
126 creatures vanquished.

Vanquished Creatures (others)
  A bone dragon (Swamp:4)
  A steelbarb worm (Spider:2)
  A wizard (Vaults:3)
  2 deep elf zephyrmancers (Elf:2)
  2 deep elf pyromancers (Elf:2)
  A manticore (Elf:2)
  A moth of wrath (Zot:4)
  6 bloated husks
  9 bushes
  2 demonic plants (WizLab)
  25 foxfires
  16 fungi
  20 plants
  13 starspawn tentacles (WizLab)
  17 withered plants (Crypt:3)
117 creatures vanquished.

Grand Total: 2395 creatures vanquished

Notes
Turn   | Place    | Note
-------+----------+-------------------------------------------
     0 | D:1      | iguanaiguana the Minotaur Hunter began the quest for the
                  | Orb.
     0 | D:1      | Reached XP level 1. HP: 18/18 MP: 0/0
    61 | D:1      | Reached skill level 1 in Stealth
   262 | D:1      | Reached XP level 2. HP: 25/25 MP: 1/1
   944 | D:1      | Reached XP level 3. HP: 30/30 MP: 2/2
  1200 | D:2      | Identified the +4 trident of Naoguceb {flame, Str+2 SInv
                  | Stlth+}
  1355 | D:2      | Reached skill level 1 in Polearms
  1530 | D:2      | Found a burning altar of Makhleb.
  1588 | D:2      | Became a worshipper of Makhleb the Destroyer
  1729 | D:2      | Reached XP level 4. HP: 37/37 MP: 3/3
  2278 | D:3      | Found a runed translucent door.
  2279 | D:3      | Noticed Iich's ghost (amateur DsFi)
  2315 | D:3      | Found Nonguan's Magic Scroll Shoppe.
  2321 | D:3      | Bought a scroll of identify for 20 gold pieces
  2321 | D:3      | Bought a scroll of identify for 20 gold pieces
  2321 | D:3      | Bought a scroll of enchant armour for 75 gold pieces
  3160 | D:3      | Reached XP level 5. HP: 42/42 MP: 4/4
  3304 | D:4      | Reached skill level 5 in Polearms
  3355 | D:4      | Reached * piety under Makhleb
  3375 | D:4      | Noticed a phantom
  3403 | D:3      | Reached XP level 6. HP: 48/50 MP: 5/5
  3444 | D:3      | Bought a scroll of poison for 40 gold pieces
  3920 | D:4      | Reached XP level 7. HP: 52/56 MP: 6/6
  4054 | D:5      | Entered Level 5 of the Dungeon
  4201 | D:4      | Reached skill level 5 in Fighting
  4443 | D:5      | Reached XP level 8. HP: 65/70 MP: 7/7
  4446 | D:5      | Reached ** piety under Makhleb
  4861 | D:5      | Reached skill level 1 in Evocations
  5366 | D:5      | Found a sacrificial altar of Ru.
  5387 | D:6      | Found a runed translucent door.
  5388 | D:6      | Noticed flotson's ghost (novice DsDe)
  5405 | D:6      | Found Kotwiodgh's Weapon Boutique.
  5430 | D:6      | Found a runed translucent door.
  5442 | D:6      | Found Etivos's General Store.
  5451 | D:6      | Noticed an unseen horror
  5455 | D:6      | Killed an unseen horror
  5473 | D:6      | Reached skill level 1 in Invocations
  5586 | D:6      | Found Zephau's Distillery.
  5590 | D:6      | Found Qithaq's Antique Weapon Boutique.
  5597 | D:6      | Found Uddoob's Distillery.
  5859 | D:6      | Reached XP level 9. HP: 74/75 MP: 11/11
  6146 | D:7      | Reached skill level 5 in Invocations
  6326 | D:7      | Reached skill level 5 in Shields
  6483 | D:7      | Reached *** piety under Makhleb
  6487 | D:7      | Reached skill level 1 in Armour
  6718 | D:7      | Found a staircase to the Ecumenical Temple.
  7218 | D:6      | Bought the +4 scale mail "Kawkysm" {Rampage Regen+} for 310
                  | gold pieces
  7469 | D:8      | Reached skill level 5 in Dodging
  7599 | D:8      | Reached XP level 10. HP: 83/83 MP: 12/12
  7656 | D:8      | Reached skill level 5 in Armour
  7690 | D:8      | Identified a scroll of acquirement
  7691 | D:8      | Acquired the +3 pair of gauntlets of War {Slay+5}
  7691 | D:8      | Found the +3 pair of gauntlets of War {Slay+5}
  8322 | D:9      | Noticed a two-headed ogre
  8328 | D:9      | Killed a two-headed ogre
  8329 | D:9      | Reached skill level 10 in Polearms
  8492 | D:9      | Found a staircase to the Orcish Mines.
  8686 | D:10     | Entered Level 10 of the Dungeon
  8724 | D:10     | Found an opulent altar of Gozag.
  8800 | D:10     | Noticed a sun demon
  8801 | D:10     | Noticed an orange demon
  8803 | D:10     | Noticed a rust devil
  8835 | D:10     | Reached **** piety under Makhleb
  8916 | D:10     | Noticed Erolcha
  8950 | D:10     | Noticed a guardian serpent
  8958 | D:10     | Killed a guardian serpent
  8969 | D:10     | Found a staircase to the Lair.
  8979 | Lair:1   | Entered Level 1 of the Lair of Beasts
  9021 | Lair:1   | Noticed Harold
  9021 | Lair:1   | Noticed a cane toad
  9032 | Lair:1   | Killed a cane toad
  9033 | Lair:1   | Reached XP level 11. HP: 81/89 MP: 13/13
  9052 | Lair:1   | Killed Harold
  9053 | Lair:1   | Noticed Grum
  9121 | Lair:1   | Killed Grum
  9197 | Lair:1   | Noticed a boulder beetle
  9216 | Lair:1   | Found a transporter.
  9216 | Lair:1   | Found a transporter.
  9233 | Lair:1   | Found a dark tunnel.
  9248 | Volcano  | Entered a volcano
  9529 | Volcano  | Found a bloodstained altar of Trog.
  9529 | Volcano  | Noticed a red ugly thing
  9529 | Volcano  | Noticed a sun demon
  9529 | Volcano  | Noticed a red ugly thing
  9540 | Volcano  | Killed a red ugly thing
  9548 | Volcano  | Killed a sun demon
  9556 | Volcano  | Killed a red ugly thing
  9557 | Volcano  | Reached skill level 10 in Fighting
  9567 | Volcano  | Noticed a hell knight
  9573 | Volcano  | Killed a hell knight
  9582 | Volcano  | Noticed a red ugly thing
  9594 | Volcano  | Killed a red ugly thing
 10198 | Lair:2   | Found a hole to the Spider Nest.
 10198 | Lair:2   | Noticed a pharaoh ant
 10210 | Lair:1   | Killed a pharaoh ant
 10211 | Lair:1   | Reached XP level 12. HP: 106/106 MP: 16/16
 10219 | Lair:1   | Reached skill level 5 in Throwing
 11152 | Lair:3   | Reached ***** piety under Makhleb
 11445 | D:6      | Bought a potion of invisibility for 80 gold pieces
 11445 | D:6      | Bought a potion of flight for 30 gold pieces
 11445 | D:6      | Bought a potion of berserk rage for 50 gold pieces
 11445 | D:6      | Bought a potion of ambrosia for 80 gold pieces
 11453 | D:6      | Bought a potion of heal wounds for 55 gold pieces
 11688 | Lair:3   | Noticed a death yak
 11708 | Lair:3   | Killed a death yak
 11709 | Lair:3   | Reached skill level 10 in Invocations
 11881 | Lair:3   | Found a shimmering altar of Xom.
 12283 | Lair:3   | Found a staircase to the Swamp.
 12283 | Lair:3   | Noticed a ghost crab
 12283 | Lair:3   | Noticed a ghost crab
 12301 | Lair:3   | Killed a ghost crab
 12305 | Lair:3   | Killed a ghost crab
 12754 | Lair:4   | Found a staircase to the Slime Pits.
 12800 | Lair:4   | Found a runed translucent gate.
 12800 | Lair:4   | Found a runed translucent gate.
 12801 | Lair:4   | Found a runed translucent gate.
 12845 | Lair:4   | Reached XP level 13. HP: 113/113 MP: 21/21
 13338 | Lair:4   | Noticed Daelid's ghost (journeyman MfGl)
 13430 | Lair:5   | Entered Level 5 of the Lair of Beasts
 13932 | Lair:5   | Reached skill level 15 in Fighting
 14203 | Lair:5   | Noticed a fire dragon
 14242 | Lair:5   | Found a large runed translucent door.
 14243 | Lair:5   | Found a large runed translucent door.
 14487 | Lair:5   | Reached ****** piety under Makhleb
 14740 | Lair:5   | Killed a fire dragon
 15081 | D:6      | Killed flotson's ghost
 15174 | D:3      | Killed Iich's ghost
 15502 | D:11     | Reached XP level 14. HP: 134/135 MP: 22/22
 15559 | D:11     | Found Pamuoth's Magic Scroll Shop.
 15871 | D:11     | Bought a scroll of identify for 34 gold pieces
 16173 | D:11     | Reached skill level 10 in Armour
 16941 | D:12     | Got the Directory of Topography and the Fair Folk
 17601 | Orc:1    | Entered Level 1 of the Orcish Mines
 17701 | Orc:1    | Found Maogud's Jewellery Boutique.
 17741 | Orc:1    | Noticed Fannar
 17751 | Orc:1    | Killed Fannar
 18112 | Orc:2    | Entered Level 2 of the Orcish Mines
 18205 | Orc:2    | Found Seel's Distillery.
 18346 | Orc:2    | Found a staircase to the Elven Halls.
 18451 | Orc:2    | Found Havaul's Antique Weapon Shoppe.
 18794 | Orc:2    | Paralysed by an orc sorcerer for 4 turns
 18918 | Orc:2    | Noticed an orc warlord
 18929 | Orc:2    | Paralysed by an orc sorcerer for 2 turns
 18960 | Orc:1    | Noticed Maurice
 18964 | Orc:1    | Killed Maurice
 19046 | Orc:1    | Killed an orc warlord
 19186 | Orc:2    | Found Meaboed's Antique Weapon Shop.
 19187 | Orc:2    | Found Roliot's Antique Armour Boutique.
 19467 | Orc:1    | Bought the ring of Qusun {rN+ Slay+3} for 633 gold pieces
 19467 | Orc:1    | Bought an amulet of the acrobat for 480 gold pieces
 19886 | D:13     | Reached skill level 15 in Invocations
 20219 | D:14     | Identified the +0 scale mail "Nuhinloi" {rElec rPois rCorr
                  | Str+2}
 20310 | D:14     | Noticed Snorg
 20321 | D:14     | Killed Snorg
 20514 | D:14     | Identified the +9 scimitar of Blood-Lust {protect, rC+
                  | Int+4}
 20537 | D:14     | Found a gate to the Vaults.
 20723 | D:14     | Reached XP level 15. HP: 144/144 MP: 25/25
 20942 | D:14     | Found a gate to the Vaults.
 21625 | D:15     | Entered Level 15 of the Dungeon
 22456 | D:15     | Found a staircase to the Depths.
 23045 | D:3      | Bought a scroll of magic mapping for 75 gold pieces
 23045 | D:3      | Bought a scroll of amnesia for 40 gold pieces
 23338 | Swamp:1  | Entered Level 1 of the Swamp
 24615 | Swamp:3  | Reached skill level 5 in Evocations
 25638 | Swamp:3  | Reached XP level 16. HP: 152/162 MP: 26/26
 26226 | Swamp:4  | Entered Level 4 of the Swamp
 26405 | Swamp:4  | Noticed Bai Suzhen
 26430 | Swamp:3  | Killed Bai Suzhen
 26831 | Swamp:4  | Acquired a +5 demon trident of venom
 27214 | Swamp:4  | Noticed a bone dragon
 27272 | Swamp:4  | Killed a bone dragon
 27633 | Swamp:4  | Got a decaying rune of Zot
 27839 | Spider:1 | Entered Level 1 of the Spider Nest
 28216 | Spider:1 | Reached skill level 15 in Armour
 29510 | Spider:2 | Reached skill level 10 in Shields
 29760 | Spider:2 | Reached XP level 17. HP: 147/170 MP: 27/27
 29777 | Spider:2 | Noticed Jorgrun
 29783 | Spider:2 | Killed Jorgrun
 29950 | Spider:2 | Identified the +3 shortbow of the Wary Moons {flame, rF+
                  | rC+ Will- Dex+5}
 31097 | Spider:3 | Identified the +11 arbalest "Gyble" {antimagic, Dex+4
                  | Stlth-}
 32046 | Spider:3 | Reached skill level 15 in Shields
 32770 | Spider:4 | Entered Level 4 of the Spider Nest
 33191 | Spider:4 | Noticed Louise
 33608 | Spider:4 | Killed Louise
 34035 | Spider:4 | Reached skill level 10 in Throwing
 34077 | Spider:4 | Acquired the +1 pair of boots "Obaek" {Will+}
 34166 | Spider:4 | Reached XP level 18. HP: 135/178 MP: 28/28
 34804 | Spider:4 | Got a gossamer rune of Zot
 34833 | Spider:4 | Identified the +1 pair of boots "Vaehem" {rPois rC- Dex+2}
 35453 | D:10     | Found a burning altar of Makhleb.
 35482 | D:10     | Found a snail-covered altar of Cheibriados.
 35960 | D:10     | Killed Erolcha
 36098 | Vaults:1 | Entered Level 1 of the Vaults
 36200 | Vaults:1 | Identified the +0 leather armour of the Cuttlefish {rN+}
 36843 | Vaults:1 | Noticed Zenata
 36853 | Vaults:1 | Killed Zenata
 37915 | Vaults:2 | Reached XP level 19. HP: 185/185 MP: 29/29
 38838 | Vaults:3 | Found Kurali Gomo's Weapon Shoppe.
 38857 | Vaults:3 | Noticed Boris
 38874 | Vaults:3 | Killed Boris
 40055 | Vaults:3 | Found a staircase to the Crypt.
 40135 | Vaults:4 | Found Kisel's Weapon Shoppe.
 40168 | Vaults:4 | Found a flickering gateway to a bazaar.
 40177 | Bazaar   | Entered a bazaar
 40177 | Bazaar   | Found Esang's Book Boutique.
 40241 | Bazaar   | Found Doz Zued's General Store.
 40249 | Bazaar   | Bought a scroll of blinking for 105 gold pieces
 40252 | Bazaar   | Found Geyxamos's Distillery.
 40263 | Bazaar   | Found Qudiez's Antique Weapon Emporium.
 40271 | Bazaar   | Found Pukidot's Antique Armour Emporium.
 40303 | Bazaar   | Bought a wand of roots (6) for 201 gold pieces
 40757 | Vaults:4 | Found Tithro Toilu's Armour Emporium.
 41236 | Vaults:4 | Found Olimen's Antique Weapon Boutique.
 41411 | Vaults:4 | Reached XP level 20. HP: 174/193 MP: 32/32
 41622 | Vaults:4 | Found Mepuvood's Antique Armour Boutique.
 42233 | Elf:1    | Entered Level 1 of the Elven Halls
 42241 | Elf:1    | Paralysed by an air elemental for 1 turns
 43444 | Elf:2    | Noticed Donald
 43447 | Elf:2    | Killed Donald
 43592 | Elf:2    | Paralysed by an air elemental for 1 turns
 43639 | Elf:2    | Acquired the ring of Unacrib {Contam rPois Will+ Int+3}
 44011 | Elf:2    | Found Moitoloj's Distillery.
 44011 | Elf:2    | Found Oluminum's Armour Emporium.
 44012 | Elf:2    | Found Keusus's Armour Emporium.
 44016 | Elf:2    | Found Puetepit's Armour Shoppe.
 44025 | Elf:2    | Bought a +1 cloak of willpower for 231 gold pieces
 44166 | Elf:2    | Found a huge runed translucent gate.
 44166 | Elf:2    | Found a huge runed translucent gate.
 44166 | Elf:2    | Found a huge runed translucent gate.
 44167 | Elf:2    | Found a huge runed translucent gate.
 44167 | Elf:2    | Found a huge runed translucent gate.
 44823 | Elf:3    | Entered Level 3 of the Elven Halls
 44823 | Elf:3    | Found Yvujutt's Magic Scroll Shoppe.
 46139 | Elf:3    | Identified the +4 battleaxe of the Slime-mould {protect,
                  | Fragile Fly rElec Will+}
 46141 | Elf:3    | Identified the ring of Toukk {Wiz Fly Str+4 Int+4 Stlth+}
 46141 | Elf:3    | Identified the ring "Xeuv" {rPois rC+}
 46158 | Elf:3    | Identified the +7 ring mail of Miuvacoo {Slay+2}
 46158 | Elf:3    | Identified the ring of Ipengi {rC+ Will+}
 46163 | Elf:3    | Reached XP level 21. HP: 161/201 MP: 35/35
 46208 | Elf:3    | Identified the +8 halberd "Qeli Osh" {flame, rF+++ Dex-2}
 46328 | Elf:3    | Identified the ring of Meappiabuo {Ice rPois Will+}
 46434 | Elf:3    | Got the Codex of the Metallic Chill
 46446 | Elf:3    | Got the Monograph on the Scintillating Fair Folk
 46450 | Elf:3    | Identified the +2 falchion of Zackokil {heavy, rCorr MP+9
                  | Dex-5}
 46454 | Elf:3    | Got the Incunabulum of the Summoned Spider
 46502 | Elf:3    | Acquired the ring of Memares {Contam rElec rPois rF+++
                  | Will+}
 46597 | Elf:3    | Upgraded the game from 0.30-a0-622-gddc90eaa04 to
                  | 0.30-a0-626-gd6a5dd7a1f
 47098 | Crypt:1  | Entered Level 1 of the Crypt
 49124 | Crypt:2  | Noticed Saint Roka
 49135 | Crypt:2  | Killed Saint Roka
 49158 | Crypt:2  | Identified the +6 chain mail of Dithmenos's Delight
                  | {*Corrode +Inv Will++ Dex+2}
 49708 | Crypt:2  | Found the +6 Majin-Bo {vamp, MP+6 Int+6}
 49905 | Crypt:2  | Found a runed translucent door.
 49905 | Crypt:2  | Noticed Hyrrirob's ghost (veteran GrEE)
 50282 | Crypt:2  | Killed Hyrrirob's ghost
 50468 | Crypt:3  | Entered Level 3 of the Crypt
 50946 | Crypt:3  | Noticed Sojobo
 51004 | Crypt:3  | Killed Sojobo
 51276 | Crypt:3  | Reached XP level 22. HP: 212/215 MP: 37/37
 51439 | Crypt:3  | Found a staircase to the Tomb.
 52198 | Crypt:3  | Noticed a curse toe
 52231 | Crypt:3  | Killed a curse toe
 52463 | Crypt:3  | Found an ancient bone altar of Kikubaaqudgha.
 52466 | Crypt:3  | Found a basalt altar of Yredelemnul.
 52552 | Crypt:3  | Got the Almanac of Cobwebs
 53765 | Depths:1 | Entered Level 1 of the Depths
 53863 | Depths:1 | Noticed the Enchantress
 53875 | Depths:1 | Noticed Asterion
 53898 | Depths:1 | Killed Asterion
 53901 | Depths:1 | Killed the Enchantress
 53985 | Depths:1 | Found a one-way gate to the infinite horrors of the Abyss.
 54019 | Depths:1 | Found a magical portal.
 54029 | WizLab   | Entered Lehudib's Moon Base
 54076 | WizLab   | Found a transporter.
 54268 | WizLab   | Gained mutation: You are dopey. (Int -2) [a cacodemon]
 54354 | WizLab   | Identified the ring "Zysm" {Wiz rElec MP+9}
 54667 | WizLab   | Found a transporter.
 54876 | WizLab   | Identified the +0 hat of Snakes and Ladders {rElec Dex+2}
 55118 | WizLab   | Reached skill level 10 in Evocations
 55217 | Depths:1 | Found a one-way gate leading to the halls of Pandemonium.
 55438 | Depths:1 | Found a one-way gateway to a ziggurat.
 55438 | Depths:1 | Found a gateway to Hell.
 55442 | Depths:1 | Paralysed by a floating eye for 4 turns
 55452 | Depths:1 | Paralysed by a floating eye for 4 turns
 55461 | Depths:1 | Paralysed by a floating eye for 2 turns
 55591 | Depths:1 | Found a hazy altar of Hepliaklqana.
 55614 | Depths:1 | Paralysed by a floating eye for 4 turns
 55917 | Depths:2 | Reached XP level 23. HP: 216/229 MP: 38/38
 55963 | Depths:2 | Noticed a juggernaut
 56159 | Depths:1 | Killed a juggernaut
 56399 | Depths:2 | Identified the ring "Enepetz" {+Blink rF+ Will+ Str-3 SInv}
 56402 | Depths:2 | Identified the +10 glaive of Fae Tortfeasance {chaos,
                  | Fragile rElec Str-3 Int+8}
 56402 | Depths:2 | Identified the +2 ring mail "Vezoanoiv" {rPois rN+ MP+9
                  | Dex+2}
 56628 | Depths:2 | Reached skill level 1 in Long Blades
 56694 | Depths:2 | Identified the +1 leather armour "Tacsixka" {SInv}
 56734 | Depths:2 | Found an opulent altar of Gozag.
 56735 | Depths:2 | Found a blossoming altar of Fedhas.
 56769 | Depths:2 | Found a white marble altar of Elyvilon.
 56982 | Depths:2 | Found an iron altar of Okawaru.
 56983 | Depths:2 | Found a radiant altar of Vehumet.
 57074 | Depths:2 | Reached skill level 5 in Long Blades
 57313 | Depths:2 | Found Forov's Jewellery Boutique.
 57313 | Depths:2 | Found Putett's Book Emporium.
 57314 | Depths:2 | Found Hima's Jewellery Boutique.
 57322 | Depths:2 | Bought a manual of Shields for 1680 gold pieces
 57781 | Depths:3 | Paralysed by a floating eye for 2 turns
 57787 | Depths:3 | Paralysed by a floating eye for 4 turns
 58188 | Depths:3 | Found a portal to a secret trove of treasure.
 58363 | Depths:3 | Paralysed by a floating eye for 2 turns
 58605 | Depths:3 | Noticed a juggernaut
 58605 | Depths:3 | Identified the +8 hand axe "Pafrygre" {drain, rF+ Dex+3}
 58619 | Depths:3 | Killed a juggernaut
 59081 | Depths:4 | Entered Level 4 of the Depths
 59081 | Depths:4 | Noticed Xtahua
 59090 | Depths:4 | Killed Xtahua
 59093 | Depths:4 | Noticed Boris
 59158 | Depths:4 | Found Xioghat's Assorted Antiques.
 59182 | Depths:4 | Killed Boris
 59229 | Depths:4 | Found an ancient bone altar of Kikubaaqudgha.
 59310 | Depths:4 | Noticed a caustic shrike
 59315 | Depths:4 | Noticed a caustic shrike
 59316 | Depths:4 | Noticed a caustic shrike
 59323 | Depths:4 | Killed a caustic shrike
 59326 | Depths:4 | Killed a caustic shrike
 59329 | Depths:4 | Killed a caustic shrike
 59552 | Depths:4 | Found Kamiuxza's General Store.
 59619 | Depths:4 | Noticed Frederick
 59633 | Depths:4 | Killed Frederick
 59754 | Depths:4 | Found Kumumab's Weapon Boutique.
 60640 | Depths:4 | Found a gate to the Realm of Zot.
 60683 | Depths:4 | Found Fyepruc's Magic Scroll Shoppe.
 60698 | Depths:4 | Bought a scroll of blinking for 120 gold pieces
 60782 | Depths:4 | Found Fomylex's Antique Armour Boutique.
 60785 | Depths:4 | Bought a steaming chain mail for 285 gold pieces
 60785 | Depths:4 | Identified the +0 chain mail of Gluttony {Int+4} (You
                  | bought it in a shop on level 4 of the Depths)
 60900 | Depths:4 | Found a runed translucent gate.
 60900 | Depths:4 | Found a runed translucent gate.
 60900 | Depths:4 | Found a runed translucent gate.
 60902 | Depths:4 | Found an opulent altar of Gozag.
 60902 | Depths:4 | Found Yqeifo's Assorted Antiques.
 60902 | Depths:4 | Noticed Viocziel's ghost (adept TrMo)
 60971 | Depths:4 | Reached XP level 24. HP: 238/238 MP: 38/38
 61072 | Depths:4 | Reached skill level 10 in Long Blades
 61451 | Depths:4 | Killed Viocziel's ghost
 61987 | Slime:1  | Entered Level 1 of the Pits of Slime
 63398 | Slime:5  | Entered Level 5 of the Pits of Slime
 63597 | Slime:5  | Noticed the Royal Jelly
 63624 | Slime:4  | Gained mutation: You have hidden genetic potential. [a
                  | shining eye]
 63800 | Slime:5  | Reached skill level 15 in Long Blades
 63918 | Slime:5  | Found a viscous altar of Jiyva.
 63931 | Slime:5  | Found the +5 robe of Night {Dark Will+ SInv}
 63932 | Slime:5  | Found the +7 Spriggan's Knife {stab, EV+4 Stlth+}
 63970 | Slime:5  | Killed the Royal Jelly
 64011 | Slime:5  | Got a slimy rune of Zot
 64020 | Slime:5  | Identified the +3 chain mail of the Beekeeper {Str+4}
 64049 | Slime:5  | Identified the ring of Nawatog {rElec EV+5 Slay+3}
 64076 | Slime:5  | Identified the +11 scale mail of Instinct {Will+}
 64092 | Slime:5  | Identified the +5 ring mail of Sos Duni {Str+3 SInv}
 64637 | Zot:1    | Entered Level 1 of the Realm of Zot
 64637 | Zot:1    | Noticed an orb of fire
 64662 | Depths:4 | Killed an orb of fire
 65589 | Zot:2    | Noticed an orb of fire
 65605 | Zot:2    | Gained mutation: You are very dopey. (Int -4) [an orb of
                  | fire]
 65611 | Zot:2    | Killed an orb of fire
 65626 | Zot:2    | Lost mutation: You are very dopey. (Int -4) [potion of
                  | mutation]
 65626 | Zot:2    | Lost mutation: You are dopey. (Int -2) [potion of mutation]
 65626 | Zot:2    | Gained mutation: Your flesh is cold resistant. (rC+)
                  | [potion of mutation]
 65626 | Zot:2    | Gained mutation: You have sharp fingernails. [potion of
                  | mutation]
 65810 | Zot:2    | Reached skill level 10 in Dodging
 66566 | Zot:3    | Reached XP level 25. HP: 215/245 MP: 38/38
 67653 | Zot:3    | Found a runed translucent door.
 67654 | Zot:3    | Acquired 753 gold pieces
 67656 | Zot:3    | Acquired a manual of Throwing
 67658 | Zot:3    | Acquired the +0 cloak "Qauzac" {rN+ Int+4}
 67865 | Depths:2 | Bought a ring of resist corrosion for 320 gold pieces
 68175 | Zot:3    | Noticed Zoaron's ghost (legendary MiBe)
 68623 | Zot:4    | Identified the +3 demon whip of Misogehank {vamp, rPois
                  | Str+2}
 68695 | Zot:4    | Reached skill level 15 in Dodging
 68771 | Zot:4    | Gained mutation: You possess an exceptional clarity of
                  | mind. [hidden potential]
 69250 | Zot:3    | Reached skill level 15 in Throwing
 69879 | Zot:5    | Entered Level 5 of the Realm of Zot
 70630 | Zot:5    | Noticed an orb of fire
 70649 | Zot:5    | Killed an orb of fire
 70677 | Zot:5    | Noticed an orb of fire
 70677 | Zot:5    | Lost mutation: You have hidden genetic potential. [an orb
                  | of fire]
 70677 | Zot:5    | Noticed a Killer Klown
 70694 | Zot:5    | Killed an orb of fire
 70700 | Zot:5    | Killed a Killer Klown
 70704 | Zot:5    | Noticed an ancient lich
 70715 | Zot:5    | Killed an ancient lich
 70746 | Zot:5    | Noticed an orb of fire
 70749 | Zot:5    | Gained mutation: You are dopey. (Int -2) [an orb of fire]
 70753 | Zot:5    | Killed an orb of fire
 70753 | Zot:5    | Noticed an orb of fire
 70759 | Zot:5    | Noticed an orb of fire
 70760 | Zot:5    | Noticed a Killer Klown
 70760 | Zot:5    | Noticed an orb of fire
 70771 | Zot:4    | Gained mutation: Your magical capacity is low. (-10% MP)
                  | [an orb of fire]
 70772 | Zot:4    | Killed an orb of fire
 70773 | Zot:4    | Reached XP level 26. HP: 252/256 MP: 34/34
 70778 | Zot:5    | Noticed a dread lich
 70784 | Zot:4    | Lost mutation: You possess an exceptional clarity of mind.
                  | [an orb of fire]
 70789 | Zot:4    | Killed an orb of fire
 70803 | Zot:4    | Killed an orb of fire
 70813 | Zot:5    | Noticed an orb of fire
 70822 | Zot:5    | Killed an orb of fire
 70825 | Zot:5    | Killed a dread lich
 70832 | Zot:5    | Noticed a dread lich
 70841 | Zot:5    | Killed a dread lich
 71249 | Zot:5    | Got the Orb of Zot
 71307 | Zot:4    | Noticed Witzadd the pandemonium lord
 72112 | D:1      | Noticed Ymmyucuo the pandemonium lord
 72136 | D:$      | Escaped with the Orb!

Illustrated notes

Levels and vault maps discovered:
D:1:      eino_arrival_cavern_d, layout_loops_cross, minmay_tall_x
D:2:      layout_basic, basic_altar
D:3:      layout_basic, serial_shops, shop, gammafunk_ghost_grave
D:4:      layout_rooms
D:5:      layout_layer_cave, nicolae_ru_the_path_less_chosen
D:6:      minmay_klotski, layout_rooms, ebering_ghost_sewer_f, serial_shops,
          nicolae_shop_hallway_stairs, shop, shop, shop, nicolae_shop_crystal,
          serial_park_tiny_2, uniq_maggie
D:7:      layout_loops_cross, minmay_temple_entry_fiery, nrook_campfire
D:8:      layout_loops_ring
D:9:      layout_loops_ring, david_orc_2
D:10:     layout_stronghold, marbit_many_paths, mainiacjoe_overflow_two_lobes,
          lair_entry_dummy, uniq_erolcha
D:11:     layout_basic, gauntlet_entry_generic, serial_shops,
          nicolae_shop_statue_plus
D:12:     layout_roguey, minmay_dual_archer_statues
D:13:     layout_loops_ring
D:14:     layout_irregular_city, erik_vaults_2, dk_noncrumbling_4,
          kennysheep_generic_room_14, uniq_snorg
D:15:     grunt_enter_depths_hoard, layout_small_grid, serial_park_avenue1,
          roderic_lattice_a, water_maze_lemuel
Lair:1:   gammafunk_boulding_lane, layout_misc_corridors, enter_volcano_2,
          uniq_grum, uniq_harold
Lair:2:   layout_long_grid, nicolae_spider_entry_lesser_pyramids,
          serial_bayou_shore_a
Lair:3:   layout_cave_pods, nicolae_swamp_entry_spooky, basic_altar,
          grunt_megastairs_3
Lair:4:   layout_hall_layers, nicolae_slime_entry_field_trip,
          gammafunk_ghost_icy, grunt_megastairs_4
Lair:5:   cheibrodos_lair_end_hotspot, layout_gridlike
Swamp:1:  layout_basic_swamp, evilmike_swamp_ruin_house_2
Swamp:2:  layout_basic_swamp, evilmike_swamp_ruin_rubble_2
Swamp:3:  layout_basic_swamp, serial_swamp_ruin, hangedman_swamp_ruin_wall,
          evilmike_swamp_ruin_rubble_1, infiniplex_staircase_pool
Swamp:4:  swamp_pestilence, layout_basic_swamp, uniq_bai_suzhen
Spider:1: layout_spider_delve
Spider:2: layout_spider_delve, drop_trap, uniq_jorgrun
Spider:3: nicolae_spider_hilbert_zone_3 [nicolae_spider_hilbert_4_sides_2_open,
          nicolae_spider_hilbert_3_sides_1_open,
          nicolae_spider_hilbert_3_sides_1_open,
          nicolae_spider_hilbert_3_sides_1_open,
          nicolae_spider_hilbert_3_sides_1_open,
          nicolae_spider_hilbert_4_sides_1_open,
          nicolae_spider_hilbert_4_sides_1_open,
          nicolae_spider_hilbert_4_sides_1_open,
          nicolae_spider_hilbert_4_sides_1_open,
          nicolae_spider_hilbert_4_sides_1_open,
          nicolae_spider_hilbert_4_sides_1_open,
          nicolae_spider_hilbert_4_sides_1_open,
          nicolae_spider_hilbert_4_sides_1_open,
          nicolae_spider_hilbert_3_sides_1_open,
          nicolae_spider_hilbert_3_sides_1_open,
          nicolae_spider_hilbert_3_sides_1_open,
          nicolae_spider_hilbert_3_sides_1_open]
Spider:4: hellmonk_spider_rune_bug_friends, uniq_louise
Slime:1:  layout_caves, cheibrodos_slime_lost_civilization_5
Slime:2:  layout_caves
Slime:3:  layout_caves, nicolae_slime_phagocytosis
Slime:4:  cheibrodos_slime_lost_civilization_1, layout_caves
Slime:5
Orc:1:    layout_diamond_mine, serial_shops, shop, uniq_fannar, uniq_maurice
Orc:2:    grunt_orc_community_town_hall, layout_caves,
          grunt_orc_community_big_house_1, grunt_orc_community_big_house_2,
          grunt_orc_community_house_3, grunt_orc_community_house_3,
          grunt_orc_community_house_1, grunt_orc_community_house_3,
          grunt_orc_community_house_3, grunt_orc_community_house_1, basic_altar,
          kennysheep_orc_chapel
Elf:1:    layout_geoelf_diagonals, hangedman_elf_represent,
          nicolae_concentric_dashed_squares_mild, grunt_megastairs_2,
          lemuel_upstairs_altar
Elf:2:    elven_hall_of_blades_hangedman_alternative
          [nicolae_blade_entry_area_security], layout_geoelf_grid, special_room
          [special_room_mythical_zoo], minmay_shoptagon, uniq_donald
Elf:3:    elf_hall, layout_onion_city, serial_shops, nicolae_diamond_shop,
          guppyfry_library_mini
Vaults:1: hangedman_vaults_trim, v_misc_23, grunt_vaults_funnel,
          nicolae_vaults_puzzle_piece, vaults_standard_mumra_lines,
          hangedman_vaults_snaps, grunt_vaults_bifocal, v_rooms_5, st_lines,
          vaults_room_pool, hangedman_vaults_corner_blocks, vaults_dpeg_hooks,
          layout_vaults_ring, uniq_zenata
Vaults:2: v_misc_3, vaults_mumra_lcd, v_misc_4, layout_vaults_omnigrid
Vaults:3: ontoclasm_vaults_gateway, nicolae_vaults_ninety_degrees,
          nicolae_vaults_twisting_passages, hangedman_vaults_stitches,
          vaults_room_pools, blue_anna_dwarven_crypt, layout_vaults_big_room,
          serial_shops, shop_statue, uniq_boris
Vaults:4: v_pattern_5, nicolae_vaults_gold_heap, nicolae_vaults_arrows,
          v_misc_17, v_misc_29, v_misc_25, v_misc_15, ontoclasm_vaults_fault,
          nicolae_vaults_network_s, nicolae_vaults_mini_display_case,
          v_alt_pattern_2, layout_vaults_big_cross, serial_shops, freezing_bzr,
          nicolae_shop_statue_plus, shop, shop_statue, shop, uniq_margery
Crypt:1:  layout_chaotic_city, grunt_crypt_arrival_guarded_gate
Crypt:2:  minmay_guarded_unrand_majin_bo, layout_misc_corridors,
          hellmonk_ghost_happy_afterlife, uniq_saint_roka, uniq_grunn
Crypt:3:  lightli_unholy_cathedral, layout_chaotic_city,
          tomb_entry_forgotten_bobbens, st_burial_chamber, grunt_megastairs_1,
          uniq_sojobo
Depths:1: layout_basic, enter_ziggurat_c, pan_entry, grunt_decor_fettered,
          hell_entry, mu_enter_wizlab_5, nicolae_abyss_entry_one_way_or_another,
          worldfamousw_hep_ancestral_shrine, serial_bayou_shore_b,
          uniq_enchantress, uniq_asterion
Depths:2: minmay_the_grid_octo_tiled_octocenter [minmay_the_grid_octo_clover,
          minmay_the_grid_octo_vomiting_pacman, minmay_the_grid_octo_77,
          minmay_the_grid_octo_shrine, minmay_the_grid_octo_prize_star,
          minmay_the_grid_square_5x5_dogpile,
          minmay_the_grid_square_5x5_broken_cross,
          minmay_the_grid_square_5x5_bracketed,
          minmay_the_grid_square_5x5_eight_small], layout_honeycomb,
          abandoned_shop, pan_entry, hell_entry, minmay_shop_grove,
          infiniplex_staircase_river
Depths:3: evilmike_marble_ring, layout_gridlike,
          nicolae_trove_entry_free_sample, abyss_entry_crystal, hellmouth_3
Depths:4: evilmike_zot_entry_hall, layout_long_grid, ebering_ghost_gozag,
          serial_shops, shop, nicolae_diamond_shop, nicolae_shop_crystal,
          nicolae_shop_behind_doors, shop_coins, abyss_entry, hell_entry,
          corexii_corridor_pit, kiku_gazebo_garden_becter, uniq_xtahua,
          uniq_frederick
Zot:1:    layout_gridville
Zot:2:    layout_twisted_circle
Zot:3:    layout_basic, ebering_ghost_inner_flame
Zot:4:    layout_misc_corridors, st_small_dragon_hoard_4
Zot:5:    layout_cathedral_of_symmetry

Skill      XL: |  1  2  3  4  5  6  7  8  9 10 11 12 13 14 15 16 17 18 19 20 21 22 23 24 25 26 |
---------------+-------------------------------------------------------------------------------+-----
Stealth        | 1 2 3 |  3.0
Polearms       | 1 4 5 8 12 14 | 14.0
Fighting       | 6 10 15 16 20 22 24 25 | 25.0
Throwing       | 2 4 6 10 12 16 | 16.0
Evocations     | 4 5 11 12 | 12.0
Invocations    | 4 5 7 12 15 19 22 24 25 | 25.1
Shields        | 6 11 15 20 24 | 24.4
Armour         | 4 6 9 10 15 16 | 16.6
Dodging        | 5 6 12 15 16 | 16.3
Long Blades    | 9 16 | 16.0
Ranged Weapons | |  4.3

Action                   |  1- 3 |  4- 6 |  7- 9 | 10-12 | 13-15 | 16-18 | 19-21 | 22-24 | 25-27 || total
-------------------------+-------+-------+-------+-------+-------+-------+-------+-------+-------++-------
Melee: Dagger            |    22 |       |       |       |       |       |       |       |       ||    22
       Trident           |     7 |    53 |   240 |   461 |  1323 |    78 |       |       |       ||  2162
       Headbutt          |     2 |     7 |    32 |    82 |   314 |   442 |   459 |   718 |   291 ||  2347
       Punch             |       |     1 |       |       |       |       |       |       |       ||     1
       Demon trident     |       |       |       |       |       |  1379 |  1746 |  1782 |     9 ||  4916
       Double sword      |       |       |       |       |       |       |       |   352 |   763 ||  1115
 Fire: Shortbow          |   107 |    53 |     3 |       |       |       |       |       |       ||   163
Throw: Dart              |       |     7 |    28 |     9 |     3 |     7 |       |       |       ||    54
       Javelin           |       |       |     2 |       |       |       |       |     1 |     9 ||    12
       Boomerang         |       |       |       |       |    10 |       |       |     8 |     6 ||    24
       Throwing net      |       |       |       |       |       |       |       |     1 |       ||     1
Invok: Minor Destruction |       |       |    23 |    26 |    37 |    53 |       |    50 |       ||   189
       Lesser Servant of |       |       |       |     1 |     2 |     2 |       |     9 |       ||    14
       Greater Servant o |       |       |       |       |     3 |     8 |    12 |     5 |     3 ||    31
       Major Destruction |       |       |       |       |     2 |    10 |    14 |     2 |     2 ||    30
Evoke: Wand              |       |       |     2 |     8 |     9 |    11 |     2 |     6 |     4 ||    42
       Phial of floods   |       |       |       |       |     1 |     2 |     1 |       |       ||     4
       Condenser vane    |       |       |       |       |       |       |     2 |     5 |       ||     7
       Phantom mirror    |       |       |       |       |       |       |     1 |     3 |       ||     4
       Tin of tremorston |       |       |       |       |       |       |       |     2 |       ||     2
       Box of beasts     |       |       |       |       |       |       |       |     1 |       ||     1
  Use: Potion            |     1 |       |       |     3 |       |     6 |     7 |     6 |    10 ||    33
       Scroll            |       |     7 |     2 |    11 |    16 |     6 |     4 |    12 |    16 ||    74
 Stab: Sleeping          |       |     1 |     4 |     6 |    12 |       |       |     4 |       ||    27
       Distracted        |       |     1 |       |     1 |     3 |     4 |     1 |     2 |       ||    12
       Paralysed         |       |       |     2 |       |     2 |       |       |       |       ||     4
       Fleeing           |       |       |       |       |     1 |       |       |       |       ||     1
       Invisible         |       |       |       |       |       |     7 |       |       |       ||     7
       Held in net/web   |       |       |       |       |       |       |       |     3 |       ||     3
Armor: Leather armour    |     2 |       |       |       |       |       |       |       |       ||     2
       Ring mail         |    21 |    25 |    40 |       |       |       |       |       |       ||    86
       Scale mail        |       |       |    10 |   153 |   306 |       |       |       |   112 ||   581
       Plate armour      |       |       |       |       |    16 |   532 |   300 |   215 |       ||  1063
       Gold dragon scale |       |       |       |       |       |       |       |    91 |       ||    91
       Acid dragon scale |       |       |       |       |       |       |       |   124 |    34 ||   158
Dodge: Dodged            |    24 |    29 |    56 |   142 |   343 |   294 |   207 |   289 |   218 ||  1602
Block: Kite shield       |       |       |    34 |   183 |   444 |   856 |       |       |       ||  1517
       Reflection        |       |       |       |       |       |    34 |   102 |    52 |    12 ||   200
       Tower shield      |       |       |       |       |       |   354 |  1188 |  1862 |   959 ||  4363

Table legend: (Time is in decaauts)
 A = Elapsed time spent in this place.
 B = Non-inter-level travel time spent in this place.
 C = Inter-level travel time spent in this place.
 D = Time resting spent in this place.
 E = Time spent auto-exploring this place.
 F = Levels seen in this place.
 G = Mean time per level.
                   A        B        C        D        E       F      G
               +--------+--------+--------+--------+--------+-----+--------+
         Total |  70559 |  61078 |   9481 |   7991 |  37053 |  57 | 1237.9 |
       Dungeon |  18579 |  14237 |   4342 |    632 |  10201 |  15 | 1238.6 |
          Lair |   5682 |   4661 |   1021 |     87 |   3412 |   5 | 1136.4 |
         Swamp |   4253 |   3831 |    422 |    916 |   1830 |   4 | 1063.2 |
   Spider Nest |   6972 |   6660 |    312 |   2167 |   2922 |   4 | 1743.0 |
    Slime Pits |   2156 |   1987 |    169 |    158 |   1049 |   5 |  431.2 |
  Orcish Mines |   2004 |   1602 |    402 |      4 |   1053 |   2 | 1002.0 |
   Elven Halls |   4542 |   4113 |    429 |    375 |   2762 |   3 | 1514.0 |
        Vaults |   5998 |   5234 |    764 |    231 |   3702 |   4 | 1499.5 |
         Crypt |   5787 |   5406 |    381 |   1508 |   2653 |   3 | 1929.0 |
        Depths |   6731 |   5893 |    838 |   1267 |   3105 |   4 | 1682.8 |
           Zot |   6201 |   5804 |    397 |    626 |   3469 |   5 | 1240.2 |
        Bazaar |    132 |    132 |      0 |      0 |    100 |   1 |  132.0 |
       Volcano |    466 |    466 |      0 |     14 |    253 |   1 |  466.0 |
        Wizlab |   1050 |   1050 |      0 |      3 |    539 |   1 | 1050.0 |
               +--------+--------+--------+--------+--------+-----+--------+

Top non-repeatable levels by time:
Spider:3: 2465 daAuts
 Crypt:3: 2046 daAuts
 Crypt:2: 2013 daAuts
Depths:4: 1965 daAuts
   Elf:3: 1920 daAuts
   Zot:3: 1793 daAuts
    D:14: 1783 daAuts
 Crypt:1: 1727 daAuts
Spider:4: 1712 daAuts
Depths:3: 1707 daAuts
    D:10: 1635 daAuts
Vaults:3: 1607 daAuts
Depths:1: 1566 daAuts
     D:3: 1560 daAuts
Vaults:4: 1555 daAuts
